MLB
TAMPA BAY RAYS @ BOSTON RED SOX
04/08/2020
 
TOP OF THE 1ST
Tampa Bay Rays batting - Pitching for Boston Red Sox : RHP Logan Webb
Pitching: RHP Logan Webb
Batting: RHB Jon Berti 0-0: Called Strike
0-1: Bunt for hit to 3S - play at first, batter safe!
Batting: RHB Xander Bogaerts 0-0: Foul Ball, location: 2F
0-1: Ball
1-1: Grounds into double play, 6-4-3 (Groundball, 6, EV 86.9 MPH)
Batting: LHB Rafael Devers 0-0: Ball
1-0: Called Strike
1-1: Foul Ball, location: 2F
1-2: Fly out, F9 (Line Drive, 9, EV 91.9 MPH)
Top of the 1st over - 0 runs, 1 hit, 0 errors, 0 left on base; Tampa Bay 0 - Boston 0
BOTTOM OF THE 1ST
Boston Red Sox batting - Pitching for Tampa Bay Rays : LHP Madison Bumgarner
Pitching: LHP Madison Bumgarner
Batting: SHB Kaleb Cowart 0-0: Foul Ball, location: 2F
0-1: Ball
1-1: Ball
2-1: Foul Ball, location: 2F
2-2: Ball
3-2: Base on Balls
Batting: SHB Marwin Gonzalez 0-0: DOUBLE (Flyball, 7LD, EV 106.3 MPH)
Kaleb Cowart to third
Batting: RHB Victor Robles 0-0: SINGLE (Groundball, 56D, EV 95.6 MPH)
Kaleb Cowart scores
Marwin Gonzalez to third
Batting: LHB Matt Carpenter 0-0: Ball
1-0: DOUBLE (Line Drive, 7LD, EV 110.0 MPH)
Marwin Gonzalez scores
Victor Robles to third
Batting: RHB Ronaldo Hernandez 0-0: Foul Ball, location: 2F
0-1: Foul Ball, location: 2F
0-2: Ball
1-2: Fly out, F6 (Popup, 6MS, EV 73.8 MPH)
Batting: RHB Steven Souza Jr. 0-0: Called Strike
0-1: Called Strike
0-2: Ball
1-2: Foul Ball, location: 2F
1-2: Foul Ball, location: 2F
1-2: Strikes out looking
Batting: LHB Kole Calhoun 0-0: Ball
1-0: DOUBLE (Flyball, 8RXD, EV 100.6 MPH)
Victor Robles scores
Matt Carpenter scores
Batting: SHB Willi Castro 0-0: Ball
1-0: Fly out, F9 (Flyball, 9LM, EV 86.9 MPH)
Bottom of the 1st over - 4 runs, 4 hits, 0 errors, 1 left on base; Tampa Bay 0 - Boston 4
TOP OF THE 2ND
Tampa Bay Rays batting - Pitching for Boston Red Sox : RHP Logan Webb
Batting: LHB Michael Conforto 0-0: Called Strike
0-1: Ball
1-1: Fly out, F8 (Flyball, 8RS, EV 84.4 MPH)
Batting: RHB Marcell Ozuna 0-0: Called Strike
0-1: Called Strike
0-2: Strikes out swinging
Batting: LHB Daniel Vogelbach 0-0: Called Strike
0-1: Ground out 5-3 (Groundball, 56, EV 85.0 MPH)
Top of the 2nd over - 0 runs, 0 hits, 0 errors, 0 left on base; Tampa Bay 0 - Boston 4
BOTTOM OF THE 2ND
Boston Red Sox batting - Pitching for Tampa Bay Rays : LHP Madison Bumgarner
Batting: LHB J.P. Crawford 0-0: Foul Ball, location: 2F
0-1: Foul Ball, location: 2F
0-2: Fly out, F9 (Flyball, 9S, EV 86.3 MPH)
Batting: SHB Kaleb Cowart 0-0: Called Strike
0-1: Ball
1-1: Called Strike
1-2: Strikes out swinging
Batting: SHB Marwin Gonzalez 0-0: Called Strike
0-1: Ball
1-1: Ground out 6-3 (Groundball, 6, EV 105.0 MPH)
Bottom of the 2nd over - 0 runs, 0 hits, 0 errors, 0 left on base; Tampa Bay 0 - Boston 4
TOP OF THE 3RD
Tampa Bay Rays batting - Pitching for Boston Red Sox : RHP Logan Webb
Batting: SHB Aaron Hicks 0-0: Swinging Strike
0-1: Ball
1-1: Foul Ball, location: 2F
1-2: Ball
2-2: Ground out 4-3 (Groundball, 4, EV 99.4 MPH)
Batting: RHB Buster Posey 0-0: Called Strike
0-1: SINGLE (Flyball, 4D, EV 98.1 MPH)
Batting: LHB Kevin Kiermaier 0-0: Swinging Strike
0-1: Ball
1-1: Swinging Strike
1-2: Ball
2-2: Foul Ball, location: 2F
2-2: Strikes out swinging
Batting: RHB Jon Berti 0-0: Called Strike
0-1: Called Strike
0-2: Ball
1-2: Foul Ball, location: 2F
1-2: Strikes out swinging
Top of the 3rd over - 0 runs, 1 hit, 0 errors, 1 left on base; Tampa Bay 0 - Boston 4
BOTTOM OF THE 3RD
Boston Red Sox batting - Pitching for Tampa Bay Rays : LHP Madison Bumgarner
Batting: RHB Victor Robles 0-0: Called Strike
0-1: Ball
1-1: Swinging Strike
1-2: Strikes out swinging
Batting: LHB Matt Carpenter 0-0: Called Strike
0-1: Foul Ball, location: 2F
0-2: Fly out, F9 (Flyball, 9D, EV 106.9 MPH)
Batting: RHB Ronaldo Hernandez 0-0: Ball
1-0: DOUBLE (Line Drive, 7LM, EV 108.8 MPH)
Batting: RHB Steven Souza Jr. 0-0: Ball
1-0: Called Strike
1-1: Called Strike
1-2: Foul Ball, location: 2F
1-2: Foul Ball, location: 2F
1-2: Ball
2-2: Foul Ball, location: 2F
2-2: DOUBLE (Flyball, 78XD, EV 96.9 MPH)
Ronaldo Hernandez scores
Batting: LHB Kole Calhoun 0-0: Ball
1-0: Called Strike
1-1: Ball
2-1: DOUBLE (Flyball, 8RXD, EV 103.8 MPH)
Steven Souza Jr. scores
Pitching: RHP Zack Kelly
Batting: SHB Willi Castro 0-0: Ball
1-0: Swinging Strike
1-1: Ball
2-1: Foul Ball, location: 2F
2-2: Ball
3-2: Fly out, F7 (Line Drive, 7, EV 102.5 MPH)
Bottom of the 3rd over - 2 runs, 3 hits, 0 errors, 1 left on base; Tampa Bay 0 - Boston 6
TOP OF THE 4TH
Tampa Bay Rays batting - Pitching for Boston Red Sox : RHP Logan Webb
Batting: RHB Xander Bogaerts 0-0: Ball
1-0: Ground out 5-3 (Groundball, 56, EV 108.8 MPH)
Batting: LHB Rafael Devers 0-0: Ball
1-0: Foul Ball, location: 2F
1-1: Called Strike
1-2: Strikes out swinging
Batting: LHB Michael Conforto 0-0: Foul Ball, location: 2F
0-1: SINGLE (Groundball, 34D, EV 109.4 MPH)
Batting: RHB Marcell Ozuna 0-0: Ball
Wild Pitch!
Michael Conforto to second
1-0: Ball
2-0: Swinging Strike
2-1: Foul Ball, location: 2F
2-2: Ground out 6-3 (Groundball, 6, EV 87.5 MPH)
Top of the 4th over - 0 runs, 1 hit, 0 errors, 1 left on base; Tampa Bay 0 - Boston 6
BOTTOM OF THE 4TH
Boston Red Sox batting - Pitching for Tampa Bay Rays : RHP Zack Kelly
Batting: LHB J.P. Crawford 0-0: Ball
1-0: Foul Ball, location: 2F
1-1: Called Strike
1-2: Fly out, F8 (Flyball, 78D, EV 91.3 MPH)
Batting: SHB Kaleb Cowart 0-0: Called Strike
0-1: SOLO HOME RUN (Line Drive, 9D, EV 109.4 MPH), Distance : 441 ft
Batting: SHB Marwin Gonzalez 0-0: Foul Ball, location: 2F
0-1: Ball
1-1: Ball
2-1: SINGLE (Flyball, 89S, EV 92.5 MPH)
Batting: RHB Victor Robles 0-0: Swinging Strike
0-1: Grounds into double play, 6-4-3 (Groundball, 6, EV 97.5 MPH)
Bottom of the 4th over - 1 run, 2 hits, 0 errors, 0 left on base; Tampa Bay 0 - Boston 7
TOP OF THE 5TH
Tampa Bay Rays batting - Pitching for Boston Red Sox : RHP Logan Webb
Batting: LHB Daniel Vogelbach 0-0: Foul Ball, location: 2F
0-1: Foul Ball, location: 2F
0-2: Ball
1-2: Ball
2-2: Fly out, F8 (Flyball, 8RD, EV 99.4 MPH)
Batting: SHB Aaron Hicks 0-0: Foul Ball, location: 2F
0-1: Foul Ball, location: 2F
0-2: Ball
1-2: Foul Ball, location: 2F
1-2: Ball
2-2: Ball
3-2: Base on Balls
Batting: RHB Buster Posey 0-0: Called Strike
0-1: Called Strike
0-2: Fly out, F6 (Flyball, 6MD, EV 88.1 MPH)
Batting: LHB Kevin Kiermaier 0-0: Ground out 4-3 (Groundball, 4S, EV 60.6 MPH)
Top of the 5th over - 0 runs, 0 hits, 0 errors, 1 left on base; Tampa Bay 0 - Boston 7
BOTTOM OF THE 5TH
Boston Red Sox batting - Pitching for Tampa Bay Rays : RHP Zack Kelly
Batting: LHB Matt Carpenter 0-0: Ball
1-0: Called Strike
1-1: Foul Ball, location: 2F
1-2: Strikes out swinging
Batting: RHB Ronaldo Hernandez 0-0: Called Strike
0-1: Ball
1-1: Called Strike
1-2: Foul Ball, location: 2F
1-2: Strikes out looking
Batting: RHB Steven Souza Jr. 0-0: Swinging Strike
0-1: Ball
1-1: Ball
2-1: Foul Ball, location: 2F
2-2: Foul Ball, location: 2F
2-2: SINGLE (Groundball, 6D, EV 98.1 MPH)
Batting: LHB Kole Calhoun 0-0: Called Strike
0-1: Foul Ball, location: 2F
0-2: Fly out, F8 (Flyball, 8LXD, EV 100.0 MPH)
Bottom of the 5th over - 0 runs, 1 hit, 0 errors, 1 left on base; Tampa Bay 0 - Boston 7
TOP OF THE 6TH
Tampa Bay Rays batting - Pitching for Boston Red Sox : RHP Logan Webb
Batting: RHB Jon Berti 0-0: Called Strike
0-1: Swinging Strike
0-2: Strikes out swinging
Batting: RHB Xander Bogaerts 0-0: Foul Ball, location: 2F
0-1: Ball
1-1: Ball
2-1: Foul Ball, location: 2F
2-2: Ball
3-2: Strikes out swinging
Batting: LHB Rafael Devers 0-0: Ground out 4-3 (Groundball, 4, EV 80.6 MPH)
Top of the 6th over - 0 runs, 0 hits, 0 errors, 0 left on base; Tampa Bay 0 - Boston 7
BOTTOM OF THE 6TH
Boston Red Sox batting - Pitching for Tampa Bay Rays : RHP Zack Kelly
Batting: SHB Willi Castro 0-0: Called Strike
Bottom of the 6th over - 0 runs, 0 hits, 0 errors, 0 left on base; Tampa Bay 0 - Boston 7
Friday, May 29th, 2020 - OOTP Baseball 21.3 Build 54